[Event "Team 45 45 League T60"]
[Site "Internet Chess Club"]
[Date "2014.03.02"]
[Round "1"]
[White "az2112"]
[Black "SugarIslander"]
[Result "1/2-1/2"]
[WhiteElo "1696"]
[BlackElo "1686"]
[Opening "Petrov: French attack"]
[ECO "C42"]
[Time "15:00:40"]
[TimeControl "2700+45"]

1. e4 e5 2. Nf3 Nf6 3. Nxe5 d6 4. Nf3 Nxe4 5. d3 Nf6 6. Bg5 Be7 7. Nc3 O-O 8.
Qd2 Nc6 9. O-O-O Re8 10. h3 Be6 11. d4 d5 12. Bb5 a6 13. Ba4 b5 14. Bb3 Na5 15.
Ne5 Nxb3+ 16. axb3 b4 17. Na4 h6 18. Nc6 Qd7 19. Nxe7+ Qxe7 20. Bh4 g5 21. Bg3
Ne4 22. Qe3 Nxg3 23. Qxg3 Bf5 24. Nc5 Qd6 25. Qf3 Be4 26. Nxe4 Rxe4 27. Rhe1
Rae8 28. Rxe4 Rxe4 29. Qf5 Kg7 30. f3 Re2 31. Rd2 Qe6 32. Qxe6 Rxe6 33. Kd1 f5
34. Re2 Kf6 35. Rxe6+ Kxe6 36. Ke2 h5 37. g4 hxg4 38. hxg4 a5 39. Kd3 fxg4 40.
fxg4 Kd6 41. c3 c5 42. Ke3 c4 43. cxb4 axb4 44. Kd2 cxb3 45. Kd3 Kc6 46. Ke2 Kb6
47. Kd2 Kb5 48. Kd3 Ka5 49. Ke3 Kb6 50. Kd2 Kb5 {Game drawn by mutual agreement}
1/2-1/2

[Event "Team 45 45 League T60"]
[Site "Internet Chess Club"]
[Date "2014.03.02"]
[Round "1"]
[White "Tobiasdelmonte"]
[Black "patito09"]
[Result "1/2-1/2"]
[WhiteElo "1815"]
[BlackElo "1803"]
[Opening "French: MacCutcheon, Lasker variation"]
[ECO "C12"]
[Time "09:00:42"]
[TimeControl "2700+45"]

1. e4 e6 2. d4 d5 3. Nc3 Nf6 4. Bg5 Bb4 5. e5 h6 6. Bd2 Bxc3 7. Bxc3 Ne4 8. Bb4
c5 9. Ba3 Qa5+ 10. c3 cxd4 11. Qxd4 Nc6 12. Qe3 Qb6 13. Qxb6 axb6 14. f3 Nxc3
15. Kd2 Na4 16. f4 Bd7 17. Nf3 Nc5 18. Be2 O-O 19. Rhc1 Ne4+ 20. Ke3 Rfc8 21.
Bd3 f5 22. Rc2 Na5 23. Rac1 Rxc2 24. Rxc2 b5 25. Rc7 Bc6 26. Nd4 Re8 27. Bb4
Nc4+ 28. Bxc4 bxc4 29. Nxc6 bxc6 30. Rxc6 g5 31. g3 Kf7 32. a4 Rb8 33. Rc7+ Kg6
34. Ba3 Ra8 35. Re7 Rxa4 36. Rxe6+ Kg7 37. Rc6 c3 38. Rc7+ Kg6 39. e6 Rc4 40.
Rxc4 dxc4 41. bxc3 Nxc3 42. Bf8 gxf4+ 43. gxf4 Nd5+ 44. Kd4 Nxf4 45. e7 Kf7 46.
Kxc4 h5 47. Kd4 Ng6 48. Kd5 f4 49. Ke4 Nxe7 50. Bxe7 Kxe7 51. Kxf4 Kf6 52. h4
Kg6 53. Ke5 Kh6 54. Kf6 Kh7 55. Kg5 Kg7 56. Kxh5 Kh7 57. Kg5 Kg7 58. h5 Kh7 59.
h6 Kh8 60. Kg6 Kg8 61. h7+ Kh8 {Game drawn by mutual agreement} 1/2-1/2

[Event "Team 45 45 League T60"]
[Site "Internet Chess Club"]
[Date "2014.03.02"]
[Round "1"]
[White "PaulaR"]
[Black "FourKnights"]
[Result "1-0"]
[WhiteElo "1727"]
[BlackElo "1789"]
[Opening "Sicilian: Canal-Sokolsky attack, 3...Bd7"]
[ECO "B52"]
[Time "11:04:57"]
[TimeControl "2700+45"]

1. e4 c5 2. Nf3 d6 3. Bb5+ Bd7 4. Bxd7+ Qxd7 5. d4 cxd4 6. Nxd4 Nc6 7. Be3 Nf6
8. Nc3 e6 9. O-O Be7 10. f3 O-O 11. Qd2 a6 12. a4 Nxd4 13. Bxd4 Rfd8 14. Rfe1
Rac8 15. Bb6 Re8 16. Rad1 Qc6 17. Bf2 b5 18. axb5 axb5 19. Rc1 h6 20. Ne2 d5 21.
Nd4 Qb7 22. e5 Nd7 23. Ra1 Ra8 24. Qe2 b4 25. Rxa8 Rxa8 26. f4 Bc5 27. f5 Bxd4
28. Bxd4 exf5 29. e6 Nf8 30. exf7+ Qxf7 31. Qb5 Rc8 32. Qxb4 Rxc2 33. Re7 Rc1+
34. Kf2 Rc2+ 35. Ke1 Rc1+ 36. Kd2 Rd1+ 37. Kxd1 Qh5+ 38. Kc2 {Black forfeits on
time} 1-0

[Event "Team 45 45 League T60"]
[Site "Internet Chess Club"]
[Date "2014.03.01"]
[Round "1"]
[White "amicusUK"]
[Black "mongmong"]
[Result "1/2-1/2"]
[WhiteElo "1661"]
[BlackElo "1662"]
[Opening "Queen's pawn: Torre attack"]
[ECO "A40"]
[Time "18:00:44"]
[TimeControl "2700+45"]

1. d4 e6 2. Nf3 Nf6 3. Bg5 h6 4. Bh4 g5 5. Bg3 Ne4 6. Be5 f6 7. Bg3 Nxg3 8. hxg3
b6 9. e3 Bb7 10. Be2 Nc6 11. Qd3 Qe7 12. Qg6+ Qf7 13. Bd3 f5 14. Qxf7+ Kxf7 15.
c3 Be7 16. Nbd2 g4 17. Ng1 h5 18. Ne2 Bg5 19. O-O-O Ne7 20. Rh2 Rh6 21. Rdh1
Rah8 22. Nf4 h4 23. gxh4 Rxh4 24. Rxh4 Rxh4 25. Rxh4 Bxh4 26. g3 Bg5 27. Bf1
Bxf4 28. exf4 d6 29. Nc4 Kf6 30. Ne3 Ng6 31. Kd2 e5 32. dxe5+ dxe5 33. fxe5+
Nxe5 34. b3 Kg5 35. Bg2 Bc8 36. Nd5 c6 37. Nb4 Bd7 38. Nd3 Nxd3 39. Kxd3 f4 40.
Be4 Bf5 41. Kd4 fxg3 42. fxg3 c5+ 43. Ke5 Bc8 44. Kd6 Ba6 45. Kc7 Be2 46. Kd6
Bf3 47. Ke5 a5 48. a3 Bd1 49. b4 cxb4 50. cxb4 axb4 51. axb4 Bf3 52. Kd4 Be2 53.
Ke3 Bb5 54. Bd3 Bc6 55. Be4 Bd7 56. Kd4 Ba4 57. Ke5 Bd1 58. Kd4 Kf6 59. Bd5 Bc2
60. Be4 Bd1 61. Bd5 Bc2 62. Be4 Bd1 63. Bd5 {Game drawn by repetition} 1/2-1/2

[Event "Team 45 45 League T60"]
[Site "Internet Chess Club"]
[Date "2014.02.26"]
[Round "1"]
[White "santiagoelawad"]
[Black "lemorgado"]
[Result "1/2-1/2"]
[WhiteElo "1942"]
[BlackElo "2001"]
[Opening "Benko's opening"]
[ECO "A00"]
[Time "18:07:29"]
[TimeControl "2700+45"]

1. g3 d5 2. Bg2 e5 3. Nf3 e4 4. Nd4 Bc5 5. Nb3 Bb6 6. d3 f5 7. dxe4 fxe4 8. c4
dxc4 9. Qxd8+ Kxd8 10. Bg5+ Nf6 11. N3d2 e3 12. fxe3 Ba5 13. Nc3 c6 14. Nxc4 Bc7
15. O-O-O+ Ke7 16. Rhf1 Be6 17. Nd2 Nd7 18. Nde4 Rhe8 19. Kc2 h6 20. Nxf6 Nxf6
21. Bxf6+ gxf6 22. Ne4 Bd5 23. Bf3 Bxe4+ 24. Bxe4 Rad8 {Game drawn by mutual
agreement} 1/2-1/2

[Event "Team 45 45 League T60"]
[Site "Internet Chess Club"]
[Date "2014.02.27"]
[Round "1"]
[White "Manas"]
[Black "Slypawn"]
[Result "1/2-1/2"]
[WhiteElo "1722"]
[BlackElo "1801"]
[Opening "Sicilian: closed"]
[ECO "B23"]
[Time "23:00:54"]
[TimeControl "2700+45"]

1. e4 c5 2. Nc3 g6 3. f4 e6 4. Nf3 Bg7 5. e5 Ne7 6. d4 b6 7. d5 O-O 8. d6 Nf5 9.
Nb5 Na6 10. Bd3 Bb7 11. Bxf5 exf5 12. O-O f6 13. Re1 Re8 14. a3 h6 15. Qd3 fxe5
16. fxe5 Re6 17. Nc3 Kh7 18. Bd2 Nb8 19. Nd5 Nc6 20. Nc7 Nxe5 21. Nxe5 Rxe5 22.
Nxa8 Qxa8 23. Qh3 Be4 24. c4 Re6 25. Bf4 Qf8 26. Re2 Qf6 27. Rd1 g5 28. Bc1 Kg6
29. b4 Rxd6 30. Red2 Rxd2 31. Rxd2 d5 32. cxd5 Qa1 33. Rd1 Bd4+ 34. Kf1 Bxd5 35.
bxc5 bxc5 36. Qd3 Qa2 37. Qa6+ Kh5 38. Qe2+ Qxe2+ 39. Kxe2 Bxg2 40. Be3 Bxe3 41.
Kxe3 a6 42. Rc1 Kg4 43. Rxc5 Be4 44. Kf2 Kh3 45. Kg1 h5 46. Rc3+ Kg4 47. Kf2 h4
48. Kg1 Kf4 49. Kf2 g4 50. Rb3 Ke5 51. Rb6 f4 52. Rxa6 g3+ 53. hxg3 fxg3+ 54.
Kg1 h3 55. Rh6 Bf5 56. a4 {Game drawn by mutual agreement} 1/2-1/2

[Event "Team 45 45 League T60"]
[Site "Internet Chess Club"]
[Date "2014.03.02"]
[Round "1"]
[White "cityprosecutor"]
[Black "WillC"]
[Result "0-1"]
[WhiteElo "1779"]
[BlackElo "1663"]
[Opening "Sicilian defense"]
[ECO "B20"]
[Time "19:02:36"]
[TimeControl "2700+45"]

1. e4 c5 2. d3 Nc6 3. g3 e5 4. Bg2 d6 5. c3 g6 6. f4 f5 7. Nf3 Bg7 8. O-O Nge7
9. Qb3 Qb6 10. Qc2 O-O 11. Na3 Qc7 12. Ng5 Kh8 13. Qb3 Ng8 14. Ne6 Bxe6 15. Qxe6
Qe7 16. Qb3 Nh6 17. Bd2 a6 18. Nc4 b5 19. Nb6 Rab8 20. Nd5 Qd7 21. Rae1 fxe4 22.
Bxe4 Nf5 23. Qd1 Nfe7 24. Rf2 Nxd5 25. Bxd5 Ne7 26. Bg2 Rbe8 27. Ref1 a5 28. Bf3
b4 29. c4 exf4 30. Bxf4 Bd4 31. Bh6 Rf7 32. Kg2 Bxf2 33. Rxf2 Qf5 34. Re2 Qxf3+
{White resigns} 0-1

[Event "Team 45 45 League T60"]
[Site "Internet Chess Club"]
[Date "2014.03.02"]
[Round "1"]
[White "Innes"]
[Black "acejackace"]
[Result "1-0"]
[WhiteElo "1657"]
[BlackElo "1464"]
[Opening "French: exchange variation"]
[ECO "C01"]
[Time "14:04:56"]
[TimeControl "2700+45"]

1. e4 e6 2. d4 d5 3. exd5 exd5 4. Bd3 Nf6 5. h3 Bd6 6. Qf3 O-O 7. Ne2 c5 8. dxc5
Bxc5 9. O-O Nc6 10. Bf4 Nb4 11. Ng3 Nxd3 12. cxd3 Qb6 13. Nc3 Qc6 14. Rac1 Qd7
15. Be5 d4 16. Nce4 Nxe4 17. Nxe4 Be7 18. Rc7 Qd8 19. Rfc1 f6 20. Bxd4 Be6 21.
Qg3 Rf7 22. Be3 Qxd3 23. Nc5 Bxc5 24. Rxf7 Bxf7 25. Rxc5 Qb1+ 26. Kh2 Qxb2 27.
Qg4 Re8 28. Bd4 Qxa2 29. Bxf6 Bg6 30. Bc3 Qf7 31. Qd4 b6 32. Rd5 Be4 33. Rd7
Qf4+ 34. g3 {Black resigns} 1-0

[Event "Team 45 45 League T60"]
[Site "Internet Chess Club"]
[Date "2014.03.01"]
[Round "1"]
[White "Goli"]
[Black "SlimeDog2"]
[Result "1-0"]
[WhiteElo "1767"]
[BlackElo "1967"]
[Opening "Ruy Lopez: exchange variation, 5.O-O"]
[ECO "C68"]
[Time "17:07:35"]
[TimeControl "2700+45"]

1. e4 e5 2. Nf3 Nc6 3. Bb5 a6 4. Bxc6 dxc6 5. O-O Qf6 6. h3 c5 7. c3 Ne7 8. d4
cxd4 9. cxd4 exd4 10. Qxd4 Qxd4 11. Nxd4 c5 12. Nf3 Nc6 13. a3 g6 14. Nc3 Bg7
15. Nd5 O-O 16. Nb6 Ra7 17. Be3 Bxb2 18. Bxc5 Bxa1 19. Bxf8 Kxf8 20. Nxc8 Ra8
21. Nb6 Re8 22. Rxa1 Rxe4 23. Nd7+ Kg7 24. Nc5 Re7 25. Rd1 {Black resigns} 1-0

[Event "Team 45 45 League T60"]
[Site "Internet Chess Club"]
[Date "2014.02.28"]
[Round "1"]
[White "sharky123"]
[Black "room-matt"]
[Result "1-0"]
[WhiteElo "1781"]
[BlackElo "1807"]
[Opening "Scotch: Steinitz variation"]
[ECO "C45"]
[Time "23:46:37"]
[TimeControl "2700+45"]

1. e4 e5 2. Nf3 Nc6 3. d4 exd4 4. Nxd4 Qh4 5. Nc3 Bb4 6. Be2 a6 7. Nxc6 Bxc3+ 8.
bxc3 dxc6 9. Qd4 Nf6 10. e5 Qxd4 11. cxd4 Nd5 12. Bd2 b5 13. O-O Bf5 14. Rfc1
Nb6 15. Bf3 Kd7 16. a4 Nxa4 17. c4 Rab8 18. cxb5 cxb5 19. Ba5 Nb6 20. Bb4 Na4
21. g4 Bg6 22. h4 h5 23. g5 Rhd8 24. Ba5 Nb6 25. Rc5 Ke8 26. d5 Rd7 27. e6 fxe6
28. dxe6 Re7 29. Bb4 Rxe6 30. Rxc7 Nd7 31. Bc6 Rd8 32. Rxa6 Rxc6 33. Raxc6 Kf7
34. Rd6 Bf5 35. g6+ Ke8 36. Rdc6 Nb8 37. Re7+ Kf8 38. Rcc7 {Black resigns} 1-0

[Event "Team 45 45 League T60"]
[Site "Internet Chess Club"]
[Date "2014.03.01"]
[Round "1"]
[White "Duguesclin"]
[Black "jt2000"]
[Result "0-1"]
[WhiteElo "1661"]
[BlackElo "1957"]
[Opening "QGD semi-Slav"]
[ECO "D43"]
[Time "16:31:58"]
[TimeControl "2700+45"]

1. d4 d5 2. c4 c6 3. Nf3 Nf6 4. Nc3 e6 5. Bf4 Nbd7 6. c5 Be7 7. h3 b6 8. b4 O-O
9. e3 a5 10. a3 Ba6 11. Bxa6 Rxa6 12. O-O b5 13. Qc2 Qc8 14. e4 axb4 15. axb4
dxe4 16. Nxe4 Nxe4 17. Qxe4 Nf6 18. Qe5 Nd5 19. Bd2 Qa8 20. Qe1 Ra7 21. Rxa7
Qxa7 22. Qa1 Ra8 23. Qxa7 Rxa7 24. Ne5 Ra6 25. Rb1 Bf6 26. Nf3 Ra2 27. Be1 Kf8
28. g4 h6 29. h4 Ra3 30. Ne5 Bxe5 31. dxe5 Ra2 32. Kg2 Re2 33. Ra1 Rxe5 34. Ra8+
Ke7 35. Ra6 Rxe1 36. Rxc6 Nxb4 37. Rb6 Rc1 38. Rxb5 Nd3 39. Rb7+ Kf6 40. g5+
hxg5 41. hxg5+ Kg6 42. Rb3 Nxc5 43. Rg3 Rc2 44. Kf3 Rc3+ 45. Kg4 Rxg3+ 46. Kxg3
Kxg5 47. f4+ Kf5 {White resigns} 0-1